 Dungeon Crawl Stone Soup version 0.19.5 (webtiles) character file.

25600 theElss the Fighter (level 12, -16/84 HPs)
             Began as a Deep Elf Conjurer on May 2, 2017.
             Was a High Priest of Vehumet.
             Demolished by a wolf spider (21 damage)
             ... on level 12 of the Dungeon.
             The game lasted 01:06:11 (16096 turns).

theElss the Fighter (Deep Elf Conjurer)            Turns: 16096, Time: 01:06:12

Health: -16/84     AC:  8    Str:  6    XL:     12   Next: 90%
Magic:  48/48      EV: 13    Int: 25    God:    Vehumet [*****.]
Gold:   754        SH:  0    Dex: 15    Spells: 9 memorised, 10 levels left

rFire  . . .     SeeInvis .     K - staff of conjuration
rCold  + . .     Gourm    +     s - +2 robe {rC+}
rNeg   . . .     Faith    .     (no shield)
rPois  .         Spirit   .     I - +2 helmet
rElec  .         Reflect  .     (no cloak)
rCorr  .         Harm     .     (no gloves)
MR     +....                    P - +0 pair of boots
Stlth  ++........               w - amulet of the gourmand
                                B - ring of magical power
                                f - ring of magical power

@: lethally poisoned (-16 -> -59), about to teleport, repel missiles
A: no striking features
a: Renounce Religion


You were on level 12 of the Dungeon.
You worshipped Vehumet.
Vehumet was extremely pleased with you.
You were completely stuffed.

You visited 2 branches of the dungeon, and saw 15 of its levels.

You collected 754 gold pieces.

Inventory:

Hand Weapons
 e - a +0 dagger
Armour
 a - a +3 leather armour
 r - the +0 robe "Nausyagg" {rCorr}
   (You found it on level 12 of the Dungeon)

   It protects you from acid and corrosion.
 s - a +2 robe of cold resistance (worn)
 I - a +2 helmet (worn)
 P - a +0 pair of boots (worn)
Magical Staves
 K - an uncursed staff of conjuration (weapon)
Jewellery
 f - a ring of magical power (left hand)
 j - an uncursed ring of positive energy
 u - an uncursed ring of wizardry
 w - an amulet of the gourmand (around neck)
 B - a ring of magical power (right hand)
 E - an uncursed ring of flight
 O - an uncursed ring of see invisible
Wands
 b - a wand of lightning (13/15)
 A - a wand of slowing (33/48)
 H - a wand of paralysis (11/24)
 L - a wand of slowing (25/48)
 U - a wand of enslavement (8/24)
 W - a wand of polymorph (11/24)
Scrolls
 h - 4 scrolls of fog
 k - 6 scrolls of teleportation
 n - 2 scrolls of enchant armour {unknown}
 p - a scroll of enchant weapon {unknown}
 q - a scroll of blinking {unknown}
 t - a scroll of amnesia {unknown}
 x - a scroll of recharging {unknown}
 y - a scroll of noise {unknown}
 z - 5 scrolls of remove curse
 D - a scroll of magic mapping {unknown}
Potions
 d - 4 potions of heal wounds
 g - a potion of berserk rage
 l - 3 potions of resistance
 m - 2 potions of curing {unknown}
 C - a potion of beneficial mutation {unknown}
 F - a potion of mutation {unknown}
Comestibles
 c - 13 bread rations
 i - 7 meat rations
 o - 11 beef jerkies
 v - 8 fruits
 G - 5 chunks of flesh
 J - 2 royal jellies
 Z - a slice of pizza


   Skills:
 + Level 13.7 Fighting
 - Level 3.2 Dodging
 - Level 2.4 Stealth
 - Level 12.1 Spellcasting
 - Level 10.9 Conjurations
 - Level 1.5 Charms
 - Level 5.6 Fire Magic
 - Level 0.2 Poison Magic


You had 10 spell levels left.
You knew the following spells:

 Your Spells              Type           Power        Failure   Level  Hunger
a - Magic Dart            Conj           ####         1%          1    None
b - Iskenderun's Battles  Conj/Chrm      ######..     3%          5    ###....
c - Searing Ray           Conj           ######       1%          2    None
d - Iskenderun's Mystic   Conj           #######.     1%          4    None
e - Repel Missiles        Chrm/Air       ###...       6%          2    None
f - Conjure Flame         Conj/Fire      ######..     1%          3    None
g - Blink                 Tloc           N/A          8%          2    None
h - Mephitic Cloud        Conj/Pois/Air  ######..     1%          3    None
i - Stone Arrow           Conj/Erth      ######       1%          3    None


Dungeon Overview and Level Annotations

Branches:
Dungeon (14/15)            Temple (1/1) D:4            Lair (0/6) D:11
    Orc (0/2) D:12
 Vaults: D:13-14

Altars:
Ashenzari
Cheibriados
Dithmenos
Elyvilon
Fedhas
Gozag
Hepliaklqana
Kikubaaqudgha
Makhleb
Nemelex Xobeh
Okawaru
Qazlal
Ru
Sif Muna
Trog
Uskayaw
Vehumet
Xom
Yredelemnul
Zin
The Shining One

Shops:
D:6 (   D:7 [   D:9 (

Annotations:
D:9 1 runed door


Message History

You feel sick. The wolf spider hits you.
* * * LOW HITPOINT WARNING * * *
The wolf spider bites you.
* * * LOW HITPOINT WARNING * * *
You are more poisoned.
The wolf spider poisons you!
Things that are here:
a glaive; a plate armour You feel much better.
* * * LOW HITPOINT WARNING * * *
You feel very sick. The orc barely misses you. The wolf spider hits you!
* * * LOW HITPOINT WARNING * * *
The wolf spider misses you.
As you read the scroll of teleportation, it crumbles to dust.
You feel strangely unstable.
* * * LOW HITPOINT WARNING * * *
You feel very sick. The wolf spider hits you!!
You die...

#...# ######........# #...#
#.? ##.......# ###.# #..#
#.......# #.# #..#
#.......# #.## #..#
#####.......# #..# ##.Q#
#............ ##.####..#
#............
#..##.Q########.......##...
#..#}..yes@.>##.......#####
#..#$..'Ho.)<##.......#
##.##..########...(...#
#####.. #.......##### ##?.
#.......##... #..
##########... #.. #... #..
##########... #............


You could see a tengu warrior, a wolf spider, a manticore, a deep elf knight, a
vampire mosquito and an orc.

Vanquished Creatures
  Snorg (D:13)
  The ghost of execc the Grappler, a journeyman TrMo of Dithmenos (D:11)
  Josephine (D:10)
  Nergalle (D:12)
  3 skeletal warriors
  3 unseen horrors
  A deep elf archer (D:13)
  An ugly thing (D:11)
  2 manticores (D:11)
  A deep elf mage (D:10)
  A hill giant (D:10)
  2 gargoyles
  2 komodo dragons (D:11)
  An efreet (D:13)
  4 trolls
  11 slime creatures
  6 hippogriffs
  A meliai zombie (D:13)
  A shadow (D:13)
  20 yaks
  5 wraiths (D:10)
  A wyvern (D:11)
  2 water elementals (D:13)
  2 hungry ghosts (D:10)
  2 steam dragons (D:11)
  Duvessa (D:4)
  A water moccasin (D:5)
  6 ice beasts
  2 sky beasts
  3 black bears
  4 orc warriors
  10 ogres
  2 phantoms
  A crocodile (D:11)
  4 centaurs
  2 big kobolds
  7 bullfrogs
  Dowan (D:4)
  A gnoll sergeant (D:8)
  2 wyvern skeletons
  2 scorpions
  3 killer bees (D:10)
  4 electric eels (D:13)
  3 centaur zombies
  7 crimson imps
  7 jellies
  A quasit (D:9)
  2 bullfrog zombies
  4 orc priests
  10 orc wizards
  5 hounds
  5 centaur skeletons
  A bullfrog skeleton (D:5)
  4 iguanas
  11 worker ants
  A killer bee zombie (D:8)
  A hound zombie (D:10)
  A hound skeleton (D:9)
  10 gnolls
  A howler monkey skeleton (D:8)
  14 adders
  5 shadow imps
  2 oozes
  An adder skeleton (D:8)
  2 worms
  5 dart slugs
  6 leopard geckos
  44 orcs
  3 ball pythons
  6 giant cockroaches
  10 goblins
  8 hobgoblins
  29 jackals
  26 kobolds
  4 quokkas
  8 bats
  5 frilled lizards
  A leopard gecko skeleton (D:5)
  10 rats
395 creatures vanquished.

Notes
Turn   | Place    | Note
-------+----------+-------------------------------------------
     0 | D:1      | theElss the Deep Elf Conjurer began the quest for the Orb.
     0 | D:1      | Reached XP level 1. HP: 10/10 MP: 6/6
   284 | D:1      | Reached XP level 2. HP: 15/15 MP: 6/8
   344 | D:1      | Reached skill level 5 in Conjurations
   652 | D:1      | Learned a level 2 spell: Searing Ray
   803 | D:1      | Reached XP level 3. HP: 18/19 MP: 9/9
  1313 | D:2      | Found a faded altar of an unknown god.
  1377 | D:2      | Reached XP level 4. HP: 24/24 MP: 4/11
  1393 | D:2      | Learned a level 4 spell: Iskenderun's Mystic Blast
  2078 | D:2      | Learned a level 3 spell: Mephitic Cloud
  2525 | D:3      | Reached XP level 5. HP: 9/28 MP: 9/14
  2774 | D:3      | Learned a level 2 spell: Repel Missiles
  2925 | D:3      | Reached skill level 5 in Spellcasting
  2974 | D:3      | You fall through a shaft for 3 floors!
  2982 | D:5      | Entered Level 5 of the Dungeon
  3253 | D:6      | Noticed a centaur
  3321 | D:5      | Reached skill level 1 in Charms
  3495 | D:4      | Reached XP level 6. HP: 22/32 MP: 17/17
  3713 | D:4      | Noticed Duvessa
  3738 | D:4      | Killed Duvessa
  3750 | D:4      | Noticed Dowan
  3963 | D:4      | Killed Dowan
  3963 | D:4      | Reached XP level 7. HP: 36/36 MP: 19/19
  3972 | D:4      | Learned a level 3 spell: Conjure Flame
  3975 | D:4      | Learned a level 2 spell: Blink
  4049 | D:4      | Reached skill level 1 in Fire Magic
  4095 | D:4      | Found an ancient bone altar of Kikubaaqudgha.
  4172 | D:4      | Found a staircase to the Ecumenical Temple.
  4239 | Temple   | Entered the Ecumenical Temple
  4460 | Temple   | Became a worshipper of Vehumet
  5129 | D:4      | Learned a level 5 spell: Iskenderun's Battlesphere
  5344 | D:5      | Reached * piety under Vehumet
  5344 | D:5      | Offered knowledge of Sandblast by Vehumet.
  5516 | D:5      | Reached XP level 8. HP: 41/41 MP: 22/22
  6151 | D:6      | Reached skill level 10 in Spellcasting
  6196 | D:6      | Found a stormy altar of Qazlal.
  6273 | D:6      | Offered knowledge of Sting by Vehumet.
  6330 | D:6      | Reached ** piety under Vehumet
  6362 | D:6      | Reached XP level 9. HP: 46/46 MP: 25/25
  6416 | D:6      | Found a snail-covered altar of Cheibriados.
  6490 | D:6      | Found Tihuveza's Weapon Emporium.
  7001 | D:7      | Found Ugrijouck's Antique Armour Shop.
  7162 | D:7      | Reached skill level 10 in Conjurations
  7428 | D:8      | Reached skill level 5 in Fire Magic
  7788 | D:8      | Offered knowledge of Ignite Poison by Vehumet.
  8239 | D:9      | Found a burning altar of Makhleb.
  8343 | D:9      | Reached *** piety under Vehumet
  8501 | D:9      | Found a shadowy altar of Dithmenos.
  8551 | D:9      | Found Goabbuem's Antique Weapon Shoppe.
  8697 | D:9      | Found a runed door.
  8697 | D:9      | Noticed a wolf spider
  8697 | D:9      | Noticed an orc knight
  8697 | D:9      | Noticed a flayed ghost
  8699 | D:9      | Noticed a yaktaur captain
  8699 | D:9      | Noticed a deep elf archer
  8699 | D:9      | Noticed a deep elf mage
  8699 | D:9      | Noticed a stone giant
  8699 | D:9      | Noticed a yaktaur captain
  8733 | D:10     | Entered Level 10 of the Dungeon
  8796 | D:10     | Reached skill level 1 in Fighting
  8796 | D:10     | Reached XP level 10. HP: 25/52 MP: 28/28
  9087 | D:10     | Reached skill level 2 in Fighting
  9101 | D:10     | Reached skill level 3 in Fighting
  9238 | D:10     | Noticed Josephine
  9245 | D:10     | Killed Josephine
  9245 | D:10     | Reached skill level 5 in Fighting
  9249 | D:10     | Reached skill level 6 in Fighting
  9410 | D:10     | Offered knowledge of Throw Icicle by Vehumet.
  9415 | D:10     | Noticed a deep elf mage
  9421 | D:10     | Killed a deep elf mage
  9421 | D:10     | Reached skill level 7 in Fighting
  9424 | D:10     | Noticed a hill giant
  9835 | D:10     | Noticed an unseen horror
  9838 | D:10     | Killed an unseen horror
  9918 | D:10     | Killed a hill giant
  9918 | D:10     | Reached XP level 11. HP: 60/68 MP: 29/29
 10046 | D:8      | Reached skill level 8 in Fighting
 10323 | D:9      | Found a faded altar of an unknown god.
 10323 | D:9      | Found a faded altar of an unknown god.
 10328 | D:9      | Found a bloodstained altar of Trog.
 10330 | D:9      | Found a faded altar of an unknown god.
 10332 | D:9      | Found a faded altar of an unknown god.
 10385 | D:10     | You fall through a shaft for 2 floors!
 10387 | D:12     | Found a staircase to the Orcish Mines.
 10680 | D:12     | Got a bloodstained robe
 10698 | D:12     | Reached **** piety under Vehumet
 10835 | D:12     | Reached skill level 9 in Fighting
 11073 | D:12     | Noticed Nergalle
 11081 | D:12     | Killed Nergalle
 11325 | D:12     | Offered knowledge of Stone Arrow by Vehumet.
 11332 | D:12     | Reached skill level 10 in Fighting
 11337 | D:12     | Learned a level 3 spell: Stone Arrow
 12363 | D:10     | Reached skill level 11 in Fighting
 13242 | D:11     | Reached XP level 12. HP: 67/80 MP: 10/30
 13711 | D:11     | Reached ***** piety under Vehumet
 13739 | D:11     | Reached skill level 12 in Fighting
 13992 | D:11     | Offered knowledge of Irradiate by Vehumet.
 14045 | D:11     | Noticed execc's ghost (journeyman TrMo)
 14051 | D:11     | Killed execc's ghost
 14429 | D:11     | Found a staircase to the Lair.
 14844 | Temple   | Identified the +0 robe "Nausyagg" {rCorr} (You found it on level 12 of the Dungeon)
 15093 | D:13     | Noticed Snorg
 15098 | D:13     | Killed Snorg
 15098 | D:13     | Reached skill level 13 in Fighting
 16088 | D:12     | Noticed a tengu warrior
 16094 | D:12     | HP: 2/84 [wolf spider (5)]
 16096 | D:12     | Demolished by a wolf spider

Skill      XL: |  1  2  3  4  5  6  7  8  9 10 11 12 |
---------------+-------------------------------------+-----
Conjurations   | 5 6 7 9 10 | 10.9
Spellcasting   | 4 6 7 8 10 12 | 12.1
Charms         | 1 |  1.5
Fire Magic     | 2 4 5 |  5.6
Dodging        | 3 |  3.2
Fighting       | 1 7 11 13 | 13.7
Stealth        | |  2.4
Poison Magic   | |  0.2

Action                   |  1- 3 |  4- 6 |  7- 9 | 10-12 || total
-------------------------+-------+-------+-------+-------++-------
Melee: Dagger            |     1 |       |       |       ||     1
       Staff             |       |       |       |     1 ||     1
 Cast: Magic Dart        |    74 |   119 |   129 |    98 ||   420
       Searing Ray       |     6 |    12 |    24 |    12 ||    54
       Iskenderun's Myst |       |    13 |    89 |   208 ||   310
       Repel Missiles    |       |     1 |     1 |     1 ||     3
       Mephitic Cloud    |       |     1 |       |     1 ||     2
       Iskenderun's Batt |       |       |       |    51 ||    51
       Blink             |       |       |       |     1 ||     1
  Use: Scroll            |       |       |     7 |     2 ||     9
       Potion            |       |       |       |     1 ||     1
  Eat: Chunk             |     1 |    29 |    16 |    32 ||    78
Armor: Robe              |       |     2 |     8 |    21 ||    31
Dodge: Dodged            |     9 |    18 |    17 |    54 ||    98
       Deflected         |       |       |     4 |     1 ||     5
